 Dungeon Crawl Stone Soup version 0.31.0-11-ge490571c62 (webtiles) character file.

Game seed: 679972577678345105

3595 Mesmaeker13 the Thaumaturge (level 9, -2/45 HPs)
             Began as a Deep Elf Alchemist on Jan 25, 2024.
             Was a Believer of Sif Muna.
             Killed by nerve-wracking pain
             ... invoked by an orc priest
              (8 damage)
             ... on level 8 of the Dungeon on Jan 30, 2024.
             The game lasted 00:25:30 (8879 turns).

Mesmaeker13 the Thaumaturge (Deep Elf Alchemist)    Turns: 8879, Time: 00:25:30

Health: -2/45      AC:  3    Str:  7    XL:     9   Next: 85%
Magic:  16/24      EV: 16    Int: 23    God:    Sif Muna [**....]
Gold:   489        SH:  0    Dex: 15    Spells: 15/26 levels left

rFire   . . .        l - +2 dagger (venom)
rCold   . . .        (no shield)
rNeg    . . .        a - +0 robe
rPois   .            p - +0 helmet
rElec   .            (no cloak)
rCorr   .            (no gloves)
SInv    .            (no boots)
Will    .....        (no amulet)
Stlth   ++           (no ring)
HPRegen 0.27/turn    (no ring)
MPRegen 0.19/turn

%: no passive effects
@: radiating poison
A: no striking features
a: Renounce Religion, Channel Magic


You were on level 8 of the Dungeon.
You worshipped Sif Muna.
Sif Muna was pleased with you.
You visited 2 branches of the dungeon, and saw 9 of its levels.

You collected 489 gold pieces.

Inventory:

Hand Weapons
 d - a +3 sling
 l - a +2 dagger of venom (weapon)
 m - a +1 dagger of draining
Missiles
 g - 10 poisoned darts (quivered)
 u - 2 throwing nets
Armour
 a - a +0 robe (worn)
 p - a +0 helmet (worn)
Wands
 q - a wand of charming (4)
Scrolls
 c - 5 scrolls of teleportation
 f - a scroll of fog {unknown}
 i - 3 scrolls of noise
 j - a scroll of vulnerability
 k - a scroll of immolation
 s - a scroll of torment
 t - a scroll of poison
 w - a scroll of enchant armour {unknown}
Potions
 b - a potion of magic
 e - 4 potions of curing
 h - 4 potions of heal wounds
 n - 5 potions of brilliance
 o - a potion of resistance {unknown}
 r - a potion of attraction {unknown}
 v - a potion of invisibility {unknown}


   Skills:
 - Level 8.1 Dodging
 - Level 2.4 Stealth
 + Level 9.1 Spellcasting
 - Level 3.0 Conjurations
 + Level 6.5 Fire Magic
 - Level 4.5 Air Magic
 + Level 8.1 Alchemy
 + Level 1.0 Invocations


You had 15 spell levels left.
You knew the following spells:

 Your Spells              Type           Power      Damage    Failure   Level
a - Sting                 Conj/Alch      100%       1d9       1%          1
b - Mercury Vapours       Alch/Air       78%        N/A       1%          2
c - Sticky Flame          Fire/Alch      44%        2d8       3%          4
d - Olgreb's Toxic Radia  Alch           47%        N/A       2%          4

Your spell library contained the following spells:

 Spells                   Type           Power      Damage    Failure   Level
 Mephitic Cloud           Conj/Alch/Air  34%        N/A       2%          3
 Swiftness                Air            31%        N/A       2%          3
 Ensorcelled Hibernation  Hex/Ice        20%        N/A       10%         2
 Sublimation of Blood     Necr           10%        N/A       10%         2
 Petrify                  Alch/Erth      29%        N/A       12%         4
 Irradiate                Conj/Alch      18%        3d17      17%         5
 Passwall                 Erth           10%        N/A       19%         3


Dungeon Overview and Level Annotations

Branches:
Dungeon (8/15)             Temple (1/1) D:4
   Lair: D:8-11

Altars:
Cheibriados
Dithmenos
Elyvilon
Gozag
Hepliaklqana
Kikubaaqudgha
Nemelex Xobeh
Okawaru
Ru
Sif Muna
Uskayaw
Vehumet
Wu Jian
Yredelemnul
Zin
The Shining One

Shops:
D:5 [

Annotations:
D:3 3 runed translucent doors, heinrich's ghost, amateur GnWn
D:8 Gastronok


Message History

You see here a +0 dagger.
There is a stone staircase leading down here.
You climb downwards.
There is a stone staircase leading up here.
Unknown command.
Found a stone staircase leading down.
Found a potion of degeneration.
There is a stone staircase leading down here.
Found a scroll labelled MUSUG ATZIJU.
You see here a potion of degeneration.
An orc priest comes into view. It is wielding a +0 club.
An orc priest comes into view. It is wielding a +0 dagger.
The orc priest moves out of view.
An orc priest is nearby!
A centaur comes into view.
An orc priest comes into view.
It is wielding a +0 flail of holy wrath.
Found a dagger.
The orc priest shouts! x3
The centaur wields a +0 orcbow.
The centaur shoots an arrow.
The arrow hits you!
You hear a horrible gurgling sound!
Casting: Sticky Flame (dangerous; 3% risk of failure)
Confirm with . or Enter, or press ? or * to list all spells.
You begin to radiate toxic energy.
The orc priest is poisoned. x3
The centaur is poisoned.
The centaur looks even sicker.
Gastronok the Ponderous comes into view.
He is wearing the +3 hat of Pondering {ponderous, Will+ MP+10 Int+5}.
The centaur shoots an arrow.
The arrow hits you!
Unknown command.
Unknown command.
Casting: Olgreb's Toxic Radiance (dangerous; 2% risk of failure)
Confirm with . or Enter, or press ? or * to list all spells.
Your toxic radiance grows in intensity.
Gastronok is poisoned.
The orc priest looks even sicker. x3; The centaur shoots an arrow.
The arrow hits you.
The orc priest mumbles some strange prayers to Beogh against you.
Beogh smites you!
* * * LOW HITPOINT WARNING * * *
The orc priest calls down the wrath of Beogh upon you.
Pain shoots through your body!
You die...

#.##.#
#.##.######
######.##......#
.........>.....##
######.##.....!.#
#.##.#####.##
#.##.# ##...##
..######.....##
### #....@..#
.............#
........o......#
.......?........
........o.......
...c.....o......
w.............#
...).........##


You could see Gastronok (poisoned), a centaur (very poisoned) and 3 orc priests.

Vanquished Creatures
  Prince Ribbit (D:5)
  Sigmund (D:5)
  A wyvern (D:8)
  A steam dragon (D:6)
  Edmund (D:4)
  3 water moccasins
  Duvessa (D:7)
  An acid dragon (D:5)
  An orc warrior (D:6)
  2 ice beasts
  2 black bears
  A phantom (D:5)
  A kobold brigand (D:7)
  A bullfrog (D:6)
  5 scorpions
  Dowan (D:7)
  3 bombardier beetles
  3 jellies
  3 hounds
  3 orc priests
  2 iguanas
  2 gnoll boudas
  4 orc wizards
  A sleepcap (D:5)
  Robin (D:2)
  11 gnolls
  4 adders
  2 shadow imps
  A white imp (D:6)
  A ribbon worm (D:5)
  A dart slug (D:1)
  14 orcs
  9 ball pythons
  5 endoplasms
  2 giant cockroaches
  16 goblins
  7 hobgoblins
  2 jackals (D:3)
  6 quokkas
  3 bats
  4 frilled lizards
  16 kobolds
  5 rats
155 creatures vanquished.

Vanquished Creatures (collateral kills)
  Grinder (D:5)
  A sky beast (D:6)
  A black bear (D:5)
  A hound (D:5)
  An adder (D:6)
  A white imp (D:5)
  An orc (D:7)
7 creatures vanquished.

Vanquished Creatures (others)
  An ogre (D:6)
1 creature vanquished.

Grand Total: 163 creatures vanquished

Notes
Turn   | Place    | Note
-------+----------+-------------------------------------------
     0 | D:1      | Mesmaeker13 the Deep Elf Alchemist began the quest for the
                  | Orb.
     0 | D:1      | Reached XP level 1. HP: 10/10 MP: 6/6
   122 | D:1      | Found a faded altar of an unknown god.
   185 | D:1      | Reached XP level 2. HP: 15/15 MP: 5/8
   736 | D:1      | Reached XP level 3. HP: 10/19 MP: 5/10
  1095 | D:1      | Learned a level 2 spell: Mercury Vapours
  1288 | D:2      | Found a glowing golden altar of the Shining One.
  1534 | D:2      | Noticed Robin
  1543 | D:2      | Reached XP level 4. HP: 14/24 MP: 0/11
  1907 | D:2      | Reached skill level 4 in Spellcasting
  2528 | D:3      | Identified the +3 leather armour "Ucvoiz" {-Tele Str+4}
  2611 | D:3      | Found a runed translucent gate.
  2618 | D:3      | Found a runed translucent gate.
  2618 | D:3      | Found a runed translucent gate.
  2618 | D:3      | Noticed a kobold brigand
  2618 | D:3      | Noticed heinrich's ghost (amateur GnWn)
  2776 | D:2      | Killed Robin
  2777 | D:2      | Reached XP level 5. HP: 28/28 MP: 3/13
  2798 | D:2      | Learned a level 4 spell: Sticky Flame
  3246 | D:4      | Found an opulent altar of Gozag.
  3374 | D:4      | Found a staircase to the Ecumenical Temple.
  3383 | Temple   | Entered the Ecumenical Temple
  3404 | Temple   | Became a worshipper of Sif Muna the Loreminder
  3471 | D:4      | Reached skill level 1 in Fire Magic
  3471 | D:4      | Reached skill level 1 in Air Magic
  3544 | D:4      | Reached XP level 6. HP: 32/32 MP: 11/15
  3611 | D:4      | Noticed Edmund
  3624 | D:4      | Killed Edmund
  3625 | D:4      | Reached skill level 5 in Spellcasting
  3786 | D:4      | Reached skill level 5 in Alchemy
  4542 | D:5      | Entered Level 5 of the Dungeon
  4568 | D:5      | Found a snail-covered altar of Cheibriados.
  4611 | D:5      | Reached XP level 7. HP: 36/36 MP: 13/17
  4725 | D:5      | Found Efaod Asm's Armour Emporium.
  4859 | D:5      | Reached skill level 5 in Dodging
  4964 | D:5      | Reached skill level 6 in Spellcasting
  4999 | D:5      | Noticed Prince Ribbit
  5009 | D:5      | Killed Prince Ribbit
  5010 | D:5      | Reached XP level 8. HP: 22/41 MP: 10/19
  5063 | D:5      | Noticed Grinder
  5071 | D:5      | Noticed Sigmund
  5098 | D:5      | Killed Grinder
  5275 | D:5      | Reached skill level 7 in Spellcasting
  5598 | D:5      | Killed Sigmund
  5665 | D:5      | Reached * piety under Sif Muna
  5853 | D:5      | Reached XP level 9. HP: 42/45 MP: 4/22
  6121 | D:5      | Upgraded the game from 0.31.0-10-gcf4a605ca0 to
                  | 0.31.0-11-ge490571c62
  6134 | D:5      | Reached skill level 5 in Fire Magic
  6562 | D:6      | Reached skill level 8 in Spellcasting
  6643 | D:6      | Learned a level 4 spell: Olgreb's Toxic Radiance
  7284 | D:6      | You fall into a shaft and drop 2 floors!
  7321 | D:8      | Found an iron altar of Okawaru.
  7805 | D:6      | Reached ** piety under Sif Muna
  8058 | D:7      | Noticed Dowan
  8059 | D:7      | Noticed Duvessa
  8065 | D:7      | Killed Duvessa
  8072 | D:7      | Killed Dowan
  8314 | D:7      | Found a shadowy altar of Dithmenos.
  8325 | D:7      | Found a basalt altar of Yredelemnul.
  8338 | D:7      | Reached skill level 9 in Spellcasting
  8486 | D:7      | Found a glowing silver altar of Zin.
  8486 | D:7      | Found a glowing golden altar of the Shining One.
  8487 | D:7      | Found a white marble altar of Elyvilon.
  8768 | D:8      | Noticed a komodo dragon
  8782 | D:8      | Reached skill level 1 in Invocations
  8878 | D:8      | Noticed Gastronok
  8879 | D:8      | Killed from afar by an orc priest

Illustrated notes

Levels and vault maps discovered:
D:1:      minmay_arrival_nine_rooms, layout_loops_ring,
          hellmonk_ecumenical_altar_run_dry, serial_glass, glass_columns_b,
          glass_columns_a, minmay_misc_feat_pillars
D:2:      layout_loops_ring, basic_altar, nicolae_elevator_lobby_asterisk,
          uniq_robin
D:3:      layout_rooms, gammafunk_ghost_nasty_kobolds, minivault_24
D:4:      layout_basic, grunt_gozag_breadcrumbs, minmay_temple_entry_waves,
          hex_large, uniq_edmund
D:5:      black_bear_nest_1, layout_basic, slow_altar_1, serial_shops,
          nicolae_shop_waterfront, st_stairs_10, amcnicky_mini_pool_small,
          dreamdust_wishing_well, minmay_misc_feat_secret_circle,
          uniq_prince_ribbit1, uniq_sigmund, uniq_grinder
D:6:      layout_basic, minmay_diced_spiral
D:7:      layout_cave_pools, good_gods_temple_1,
          mainiacjoe_overflow_catwalk_spiral, kennysheep_potato, uniq_duvessa
D:8:      layout_basic, mainiacjoe_overflow_concentric_impassable,
          mainiacjoe_overflow_small_starburst, fedhas_altar_4,
          due_lair_maze_entry_diamond, serial_shops, nicolae_shop_dealshenge,
          nicolae_figureground_pulse, uniq_pikel, uniq_gastronok
Temple:   hellmonk_temple_two_chambers

Skill      XL: |  1  2  3  4  5  6  7  8  9 |
---------------+----------------------------+-----
Dodging        | 3 4 5 6 8 |  8.1
Conjurations   | 2 3 |  3.0
Alchemy        | 4 5 6 8 |  8.1
Spellcasting   | 4 5 6 7 9 |  9.1
Fire Magic     | 1 2 3 4 6 |  6.5
Air Magic      | 1 2 3 4 |  4.5
Invocations    | 1 |  1.0
Stealth        | |  2.4

Action                     |  1- 3 |  4- 6 |  7- 9 || total
---------------------------+-------+-------+-------++-------
  Melee: Unarmed           |     2 |       |       ||     2
         Dagger            |    10 |    15 |    33 ||    58
         Punch             |       |       |     1 ||     1
  Throw: Dart              |     1 |     9 |     8 ||    18
   Cast: Sting             |    54 |   100 |    93 ||   247
         Mercury Vapours   |     7 |    13 |    16 ||    36
         Sticky Flame      |       |     2 |    26 ||    28
         Olgreb's Toxic Ra |       |       |    13 ||    13
  Evoke: Wand              |       |       |     7 ||     7
    Use: Scroll            |       |     6 |     6 ||    12
         Potion            |       |       |     2 ||     2
 Armour: Robe              |    12 |    16 |    52 ||    80
         Skin              |       |       |     2 ||     2
  Dodge: Dodged            |    19 |    29 |    65 ||   113
